 Dungeon Crawl Stone Soup version 0.30.1-11-g7821555f0a (webtiles) character file.

Game seed: 12455916653788749463

70 Martska the Trooper (level 4, -10/37 HPs)
             Began as a Demonspawn Fighter on Dec 13, 2023.
             Killed by nerve-wracking pain
             ... invoked by Grinder
              (14 damage)
             ... on level 3 of the Dungeon.
             The game lasted 00:01:47 (1754 turns).

Martska the Trooper (Demonspawn Fighter)            Turns: 1754, Time: 00:01:47

Health: -10/37     AC:  9    Str: 18    XL:     4   Next: 4%
Magic:  4/4        EV:  9    Int:  9    God:
Gold:   115        SH:  5    Dex: 15    Spells: 3/3 levels left

rFire   . . .        a - +0 trident
rCold   . . .        c - +0 buckler
rNeg    . . .        b - +0 scale mail
rPois   .            r - +0 helmet
rElec   .            (no cloak)
rCorr   .            n - +0 pair of gloves
SInv    .            (no boots)
Will    .....        (no amulet)
Stlth   +            (no ring)
HPRegen 0.26/turn    (no ring)
MPRegen 0.09/turn

%: no passive effects
@: no status effects
A: thin skeletal structure 1, ignite blood 1
a: no special abilities


You were on level 3 of the Dungeon.
You visited 1 branch of the dungeon, and saw 3 of its levels.

You collected 115 gold pieces.

Inventory:

Hand Weapons
 a - a +0 trident (weapon)
Armour
 b - a +0 scale mail (worn)
 c - a +0 buckler (worn)
 n - a +0 pair of gloves (worn)
 r - a +0 helmet (worn)
Wands
 o - a wand of mindburst (9)
Scrolls
 f - a scroll of fog {unknown}
 h - 5 scrolls of identify {unknown}
 j - a scroll of magic mapping {unknown}
 k - a scroll of torment {unknown}
 m - a scroll of enchant armour {unknown}
 q - 3 scrolls of blinking {unknown}
Potions
 d - a potion of might
 e - a potion of curing {unknown}
 g - 3 potions of mutation {unknown}
 i - 3 potions of degeneration {unknown}
 l - 2 potions of haste {unknown}
 p - 2 potions of heal wounds {unknown}


   Skills:
 * Level 3.7 Fighting
 - Level 1.7 Polearms
 + Level 3.1 Armour
 * Level 1.7 Dodging
 + Level 3.0 Shields


You had 3 spell levels left.
You didn't know any spells.
Your spell library contained the following spells:

 Spells                   Type           Power      Damage    Failure   Level
 Poisonous Vapours        Pois/Air       0%         N/A       94%         2
 Mephitic Cloud           Conj/Pois/Air  0%         N/A       99%         3
 Ozocubu's Armour         Ice            0%         N/A       99%         3
 Freezing Cloud           Conj/Ice/Air   0%         6-21      100%        5
 Ozocubu's Refrigeration  Ice            0%         4d7       100%        7


Dungeon Overview and Level Annotations

Branches:
Dungeon (3/15)

Altars:
Cheibriados
Kikubaaqudgha

Annotations:
D:3 Grinder


Innate Abilities, Weirdness & Mutations

You have a somewhat thin skeletal structure. (Dex +2, Stealth+)
Your demonic aura sometimes causes spilled blood to erupt in flames.


Message History

Grinder is lightly wounded.
Grinder hits you.
You writhe in agony.
* * * LOW HITPOINT WARNING * * *
You hit Grinder but do no damage.
Grinder is lightly wounded.
Grinder barely misses you. Grinder closely misses you.
You closely miss Grinder.
Grinder is lightly wounded.
You block Grinder's attack.
You hit Grinder.
Grinder is lightly wounded.
Grinder gestures at you.
You barely resist. You closely miss Grinder.
Grinder is lightly wounded.
Grinder barely misses you.
You puncture Grinder!
Grinder is moderately wounded.
Grinder gestures at you. Pain shoots through your body!
* * * LOW HITPOINT WARNING * * *
You block Grinder's attack.
You hit Grinder.
Grinder is moderately wounded.
Grinder barely misses you.
You puncture Grinder!
Grinder is severely wounded.
Grinder gestures at you. Pain shoots through your body!
* * * LOW HITPOINT WARNING * * *
You hit Grinder.
Grinder is severely wounded.
Grinder gestures at you. Pain shoots through your body!
* * * LOW HITPOINT WARNING * * *
You puncture Grinder!
Grinder is almost dead.
Grinder gestures at you. Pain shoots through your body!
You die...

#.....#.# ##......# ..
##......# .. +.......#
.. #(......# '#
##......# .# ##......#
.# +..##.#.#
######5##.# ##.##.#.#
#....@....#
##....#'####.........#
#....................#
.....................#
#....................#
'....................#
#............##'#.##.#
###############.#.##.#
#..........#


You could see Grinder.

Vanquished Creatures
  2 adders (D:2)
  A worm (D:2)
  4 orcs (D:3)
  5 ball pythons
  2 bats (D:1)
  5 endoplasms
  2 giant cockroaches
  3 hobgoblins
  4 jackals (D:1)
  A kobold (D:2)
  2 quokkas
  2 frilled lizards (D:1)
  5 goblins
  2 rats (D:1)
40 creatures vanquished.

Notes
Turn   | Place    | Note
-------+----------+-------------------------------------------
     0 | D:1      | Martska the Demonspawn Fighter began the quest for the Orb.
     0 | D:1      | Reached XP level 1. HP: 18/18 MP: 1/1
   205 | D:1      | Gained mutation: Your demonic aura sometimes causes spilled
                  | blood to erupt in flames. [demonic ancestry]
   205 | D:1      | Reached XP level 2. HP: 24/24 MP: 2/2
   382 | D:1      | Reached skill level 1 in Dodging
   610 | D:2      | Reached XP level 3. HP: 23/29 MP: 3/3
   654 | D:2      | Found a snail-covered altar of Cheibriados.
  1127 | D:2      | Found a faded altar of an unknown god.
  1322 | D:3      | Noticed Grinder
  1602 | D:3      | Gained mutation: You have a somewhat thin skeletal
                  | structure. (Dex +2, Stealth+) [demonic ancestry]
  1602 | D:3      | Reached XP level 4. HP: 27/37 MP: 4/4
  1689 | D:3      | Found an ancient bone altar of Kikubaaqudgha.
  1737 | D:3      | Paralysed by Grinder for 5 turns
  1754 | D:3      | Killed from afar by Grinder

Illustrated notes

Levels and vault maps discovered:
D:1:      dpeg_arrival_tiny_g, layout_loops_ring
D:2:      minmay_alternating_diamond, layout_basic,
          dreamdust_ecumenical_altar_hidden_monk_grotto, basic_altar
D:3:      layout_basic, mainiacjoe_overflow_24_doors, uniq_grinder, uniq_sigmund

Skill      XL: |  1  2  3 |
---------------+----------+-----
Dodging        | 1 |  1.7
Armour         | 3 |  3.1
Shields        | 3 |  3.0
Fighting       | |  3.7
Polearms       | |  1.7

Action                     |  1- 3 |  4- 6 || total
---------------------------+-------+-------++-------
  Melee: Trident           |   115 |    15 ||   130
 Armour: Scale mail        |    36 |     1 ||    37
  Dodge: Dodged            |    53 |     5 ||    58
  Block: Buckler           |    22 |     2 ||    24
